2760 views
Uploaded 2021-09-18 13:30:36
Game version 1.32.10
33:00 long 4on4 ladder game on (8)GoldRush
Saved by lowlyworm
2760 views
Uploaded 2021-09-18 13:30:36
Game version 1.32.10
33:00 long 4on4 ladder game on (8)GoldRush


262 units @ 33.1k
/ 3.2k
117 buildings @ 19.3k
/ 7.1k


| Healing Salve | 11 | 1100 |
| Lesser Clarity Potion | 12 | 840 |
| Scroll of Speed | 1 | 50 |
| Orb of Lightning | 1 | 375 |
| Scroll of Town Portal | 6 | 2100 |
| Scroll of Healing | 2 | 500 |
| Scroll of Protection | 1 | 150 |
| Potion of Lesser Invulnerability | 1 | 150 |
| total: | 35 | 5265g |
| Peon | 12 | 900 | / | 0 |
| Grunt | 13 | 2600 | / | 0 |
| Raider | 8 | 1440 | / | 320 |
| Spirit Walker | 5 | 975 | / | 175 |
| Kodo Beast | 4 | 1020 | / | 240 |
| Troll Batrider | 2 | 320 | / | 80 |
| Shaman | 2 | 260 | / | 40 |
| total: | 46 | 7515g | / | 855w |
| Altar of Storms | 2 | 360 | / | 100 |
| Orc Burrow | 7 | 1120 | / | 280 |
| Barracks | 1 | 180 | / | 50 |
| Voodoo Lounge | 1 | 130 | / | 30 |
| Great Hall | 1 | 385 | / | 185 |
| War Mill | 1 | 205 | / | 0 |
| Beastiary | 2 | 290 | / | 280 |
| Tauren Totem | 1 | 135 | / | 155 |
| Spirit Lodge | 1 | 150 | / | 150 |
| Stronghold | 1 | 315 | / | 190 |
| Fortress | 1 | 325 | / | 190 |
| total: | 17 | 2955g | / | 1230w |
| 0:02 | Peon |
| 0:02 | Peon |
| 0:04 | Altar of Storms |
| 0:07 | Altar of Storms |
| 0:12 | Peon |
| 0:16 | Orc Burrow |
| 0:36 | Barracks |
| 0:46 | Peon |
| 0:56 | Peon |
| 1:03 | Peon |
| 1:25 | Orc Burrow |
| 1:37 | Grunt |
| 1:51 | Voodoo Lounge |
| 1:58 | Peon |
| 2:04 | Feral Spirit |
| 2:23 | Grunt |
| 2:27 | Peon |
| 3:04 | Great Hall |
| 3:14 | Healing Salve |
| 3:25 | Grunt |
| 3:57 | Stronghold |
| 4:33 | Grunt |
| 4:41 | Orc Burrow |
| 5:07 | War Mill |
| 5:36 | Chain Lighting |
| 5:40 | Peon |
| 5:41 | Peon |
| 5:41 | Peon |
| 5:41 | Peon |
| 6:10 | Scroll of Town Portal |
| 6:10 | Healing Salve |
| 6:25 | Beastiary |
| 6:30 | Berserker Strength |
| 6:57 | Summon Lava Spawn |
| 7:13 | Tauren Totem |
| 7:53 | Grunt |
| 7:53 | Raider |
| 7:54 | Ensnare |
| 8:24 | Fortress |
| 8:39 | Orc Burrow |
| 8:40 | Spirit Walker |
| 8:40 | Spirit Walker Adept Training |
| 8:41 | Grunt |
| 8:46 | Lesser Clarity Potion |
| 8:46 | Healing Salve |
| 9:00 | Grunt |
| 9:00 | Raider |
| 9:01 | Spirit Walker |
| 9:32 | Steel Armor |
| 9:47 | Grunt |
| 9:47 | Kodo Beast |
| 9:48 | Spirit Walker |
| 9:53 | Orc Burrow |
| 10:05 | Feral Spirit |
| 10:33 | Soul Burn |
| 10:53 | Scroll of Town Portal |
| 10:54 | Healing Salve |
| 10:54 | Lesser Clarity Potion |
| 11:01 | Kodo Beast |
| 11:03 | Grunt |
| 11:03 | Thorium Armor |
| 11:07 | Healing Salve |
| 11:07 | Lesser Clarity Potion |
| 11:07 | Scroll of Speed |
| 11:17 | War Drums Damage Increase |
| 12:00 | Scroll of Healing |
| 12:00 | Scroll of Healing |
| 12:01 | Scroll of Protection |
| 12:01 | Potion of Lesser Invulnerability |
| 12:04 | Spirit Walker Master Training |
| 12:18 | Steel Melee Weapons |
| 12:20 | Orc Burrow |
| 12:52 | Orc Burrow |
| 13:07 | Pillage |
| 13:13 | Scroll of Town Portal |
| 13:30 | Orb of Lightning |
| 13:36 | Reinforced Defenses |
| 14:12 | Arcanite Armor |
| 14:22 | Spirit Walker |
| 14:50 | Summon Lava Spawn |
| 14:57 | Chain Lighting |
| 16:12 | Lesser Clarity Potion |
| 16:12 | Healing Salve |
| 16:18 | Healing Salve |
| 16:21 | Kodo Beast |
| 16:23 | Grunt |
| 16:25 | Scroll of Town Portal |
| 16:27 | Lesser Clarity Potion |
| 16:34 | Thorium Melee Weapons |
| 16:38 | Spirit Lodge |
| 16:45 | Beastiary |
| 16:56 | Raider |
| 16:58 | Grunt |
| 17:31 | Raider |
| 17:32 | Grunt |
| 18:17 | Feral Spirit |
| 18:34 | Troll Batrider |
| 18:46 | Soul Burn |
| 19:28 | Grunt |
| 19:29 | Troll Batrider |
| 19:30 | Shaman Adept Training |
| 20:25 | Lesser Clarity Potion |
| 20:25 | Healing Salve |
| 20:29 | Raider |
| 20:33 | Healing Salve |
| 20:47 | Scroll of Town Portal |
| 20:51 | Lesser Clarity Potion |
| 21:38 | Chain Lighting |
| 22:22 | Lesser Clarity Potion |
| 22:23 | Healing Salve |
| 22:48 | Raider |
| 22:50 | Shaman Master Training |
| 23:05 | Shaman |
| 23:43 | Summon Lava Spawn |
| 24:09 | Spirit Walker |
| 24:11 | Lesser Clarity Potion |
| 24:11 | Lesser Clarity Potion |
| 24:12 | Healing Salve |
| 25:11 | Kodo Beast |
| 25:12 | Shaman |
| 26:39 | Earth Quake |
| 27:53 | Volcano |
| 30:08 | Raider |
| 30:44 | Raider |
| 31:02 | Lesser Clarity Potion |
| 31:05 | Lesser Clarity Potion |
| 31:08 | Scroll of Town Portal |
| Right click | 2736 |
| Select group | 1773 |
| Select | 712 |
| Build/train/purchase | 201 |
| Use ability | 143 |
| Assign group | 109 |
| Misc. action | 16 |
| Item give/drop | 10 |
| Resource trade | 4 |
| Chat | 3 |
| Minimap ping | 1 |



| Rod of Necromancy | 3 | 450 |
| Sacrificial Skull | 2 | 100 |
| Potion of Healing | 3 | 450 |
| Potion of Mana | 2 | 400 |
| Ritual Dagger | 1 | 125 |
| Orb of Corruption | 1 | 375 |
| Scroll of Healing | 6 | 1500 |
| Scroll of Town Portal | 3 | 1050 |
| Scroll of Protection | 4 | 600 |
| Potion of Lesser Invulnerability | 3 | 450 |
| total: | 28 | 5500g |
| Acolyte | 35 | 2625 | / | 0 |
| Ghoul | 24 | 2880 | / | 0 |
| Obsidian Statue | 4 | 800 | / | 140 |
| Abomination | 3 | 720 | / | 210 |
| Gargoyle | 16 | 2800 | / | 480 |
| Meat Wagon | 1 | 230 | / | 50 |
| Banshee | 1 | 155 | / | 30 |
| Necromancer | 2 | 290 | / | 40 |
| Forest Troll Berserker | 1 | 245 | / | 30 |
| total: | 87 | 10745g | / | 980w |
| Nerubian Tower | 5 | 500 | / | 100 |
| Spirit Tower | 5 | 725 | / | 200 |
| Altar of Darkness | 2 | 360 | / | 100 |
| Crypt | 4 | 800 | / | 200 |
| Ziggurat | 23 | 3450 | / | 1150 |
| Tomb of Relics | 1 | 130 | / | 30 |
| Necropolis | 11 | 2475 | / | 0 |
| Graveyard | 3 | 645 | / | 0 |
| Slaughterhouse | 2 | 280 | / | 270 |
| Temple of the Damned | 2 | 310 | / | 280 |
| Halls of the Dead | 1 | 320 | / | 210 |
| Black Citadel | 1 | 325 | / | 230 |
| total: | 48 | 8450g | / | 2030w |
| 0:01 | Acolyte |
| 0:04 | Altar of Darkness |
| 0:06 | Altar of Darkness |
| 0:08 | Crypt |
| 0:10 | Acolyte |
| 0:18 | Ziggurat |
| 0:32 | Acolyte |
| 0:48 | Tomb of Relics |
| 1:09 | Ghoul |
| 1:12 | Ziggurat |
| 1:21 | Ghoul |
| 1:21 | Ghoul |
| 1:35 | Ghoul |
| 1:45 | Ghoul |
| 1:45 | Ghoul |
| 1:45 | Ghoul |
| 2:05 | Rod of Necromancy |
| 2:06 | Sacrificial Skull |
| 2:07 | Death Coil |
| 2:17 | Ghoul |
| 2:17 | Ghoul |
| 2:17 | Ghoul |
| 2:39 | Ghoul |
| 2:49 | Ghoul |
| 3:16 | Unholy Aura |
| 3:19 | Acolyte |
| 3:21 | Ghoul |
| 3:37 | Ghoul |
| 3:46 | Ziggurat |
| 4:34 | Ziggurat |
| 4:37 | Acolyte |
| 4:38 | Acolyte |
| 4:38 | Acolyte |
| 4:38 | Acolyte |
| 4:38 | Acolyte |
| 4:38 | Acolyte |
| 4:47 | Ghoul |
| 4:53 | Death Coil |
| 5:06 | Rod of Necromancy |
| 5:08 | Sacrificial Skull |
| 5:15 | Necropolis |
| 5:18 | Acolyte |
| 5:18 | Acolyte |
| 5:33 | Acolyte |
| 5:33 | Acolyte |
| 5:33 | Acolyte |
| 5:33 | Acolyte |
| 5:33 | Acolyte |
| 5:47 | Acolyte |
| 6:23 | Halls of the Dead |
| 6:24 | Ghoul |
| 6:25 | Crypt |
| 6:27 | Necropolis |
| 6:40 | Forest Troll Berserker |
| 6:54 | Ghoul |
| 6:55 | Acolyte |
| 6:55 | Acolyte |
| 6:56 | Ziggurat |
| 7:01 | Nerubian Tower |
| 7:02 | Ziggurat |
| 7:20 | Unholy Aura |
| 7:25 | Ghoul |
| 7:28 | Graveyard |
| 7:29 | Graveyard |
| 7:32 | Graveyard |
| 7:32 | Necropolis |
| 7:35 | Nerubian Tower |
| 7:52 | Ghoul |
| 7:54 | Nerubian Tower |
| 7:59 | Ziggurat |
| 8:00 | Ziggurat |
| 8:01 | Ziggurat |
| 8:01 | Ziggurat |
| 8:12 | Ghoul |
| 8:46 | Black Citadel |
| 8:55 | Scroll of Healing |
| 8:55 | Scroll of Protection |
| 8:56 | Potion of Lesser Invulnerability |
| 9:02 | Unholy Strength |
| 9:02 | Unholy Armor |
| 9:04 | Slaughterhouse |
| 9:05 | Slaughterhouse |
| 9:08 | Spirit Tower |
| 9:09 | Nerubian Tower |
| 9:10 | Ziggurat |
| 9:11 | Acolyte |
| 9:11 | Acolyte |
| 9:11 | Acolyte |
| 9:11 | Acolyte |
| 9:13 | Ghoul |
| 9:21 | Acolyte |
| 9:25 | Acolyte |
| 9:46 | Necropolis |
| 10:16 | Vampiric Aura |
| 10:45 | Obsidian Statue |
| 10:48 | Potion of Healing |
| 10:48 | Potion of Mana |
| 10:49 | Scroll of Town Portal |
| 10:50 | Rod of Necromancy |
| 10:52 | Ritual Dagger |
| 10:54 | Improved Unholy Strength |
| 10:54 | Improved Unholy Armor |
| 11:03 | Acolyte |
| 11:03 | Acolyte |
| 11:04 | Spirit Tower |
| 11:07 | Acolyte |
| 11:07 | Acolyte |
| 11:09 | Disease Cloud |
| 11:18 | Ghoul Frenzy |
| 11:18 | Cannibalize |
| 11:36 | Ziggurat |
| 11:37 | Ziggurat |
| 11:38 | Ziggurat |
| 11:41 | Ziggurat |
| 11:41 | Ziggurat |
| 11:53 | Ghoul |
| 12:01 | Death Coil |
| 12:16 | Ziggurat |
| 12:28 | Abomination |
| 12:33 | Spirit Tower |
| 12:36 | Acolyte |
| 12:58 | Necropolis |
| 13:03 | Crypt |
| 13:04 | Crypt |
| 13:28 | Orb of Corruption |
| 13:56 | Frost Nova |
| 14:10 | Abomination |
| 14:27 | Gargoyle |
| 14:29 | Scroll of Healing |
| 14:29 | Scroll of Healing |
| 14:32 | Scroll of Protection |
| 14:43 | Acolyte |
| 14:43 | Acolyte |
| 14:44 | Acolyte |
| 14:44 | Acolyte |
| 14:47 | Ziggurat |
| 15:01 | Ziggurat |
| 15:01 | Ziggurat |
| 15:01 | Ziggurat |
| 15:46 | Sleep |
| 15:53 | Gargoyle |
| 15:57 | Advanced Unholy Strength |
| 15:58 | Advanced Unholy Armor |
| 16:05 | Nerubian Tower |
| 16:06 | Spirit Tower |
| 16:10 | Ghoul |
| 16:10 | Ghoul |
| 16:15 | Frost Armor |
| 16:37 | Potion of Lesser Invulnerability |
| 16:37 | Scroll of Healing |
| 16:37 | Scroll of Protection |
| 16:38 | Scroll of Town Portal |
| 17:13 | Destroyer Form |
| 17:15 | Temple of the Damned |
| 17:15 | Temple of the Damned |
| 17:22 | Meat Wagon |
| 17:27 | Animate Dead |
| 17:38 | Creature Attack |
| 17:39 | Creature Carapace |
| 18:11 | Necropolis |
| 18:12 | Necropolis |
| 18:16 | Gargoyle |
| 18:36 | Scroll of Healing |
| 18:40 | Potion of Lesser Invulnerability |
| 18:41 | Scroll of Protection |
| 18:53 | Gargoyle |
| 19:04 | Necropolis |
| 19:05 | Necropolis |
| 19:10 | Gargoyle |
| 19:11 | Improved Creature Attack |
| 19:12 | Improved Creature Carapace |
| 19:44 | Frost Nova |
| 19:53 | Necropolis |
| 19:56 | Gargoyle |
| 19:59 | Gargoyle |
| 20:02 | Banshee |
| 20:02 | Banshee Adept Training |
| 20:02 | Necromancer Adept Training |
| 20:05 | Necropolis |
| 21:22 | Gargoyle |
| 21:26 | Advanced Creature Attack |
| 21:26 | Advanced Creature Carapace |
| 21:42 | Gargoyle |
| 21:44 | Banshee Master Training |
| 21:45 | Necromancer Master Training |
| 21:51 | Scroll of Healing |
| 21:52 | Potion of Mana |
| 21:52 | Potion of Healing |
| 21:54 | Potion of Healing |
| 21:55 | Scroll of Town Portal |
| 22:28 | Gargoyle |
| 22:31 | Abomination |
| 22:32 | Obsidian Statue |
| 22:34 | Necromancer |
| 22:53 | Vampiric Aura |
| 23:18 | Gargoyle |
| 24:42 | Gargoyle |
| 25:48 | Carrion Swarm |
| 25:54 | Unholy Aura |
| 26:00 | Obsidian Statue |
| 26:01 | Gargoyle |
| 26:18 | Ziggurat |
| 26:39 | Ziggurat |
| 27:39 | Gargoyle |
| 28:22 | Carrion Swarm |
| 29:21 | Necromancer |
| 29:54 | Death Pact |
| 29:57 | Stone Form |
| 29:58 | Gargoyle |
| 30:59 | Frost Armor |
| 31:04 | Gargoyle |
| 31:47 | Obsidian Statue |
| 32:45 | Inferno |
| Select group | 2946 |
| Right click | 1670 |
| Select | 941 |
| Build/train/purchase | 300 |
| Use ability | 135 |
| Misc. action | 112 |
| Assign group | 88 |
| Chat | 61 |
| Resource trade | 34 |
| Minimap ping | 15 |
| Esc | 8 |
| Item give/drop | 6 |
ELLE
(3)
(32:53) : 

| Moonstone | 4 | 200 |
| Orb of Venom | 1 | 325 |
| Staff of Preservation | 2 | 300 |
| Lesser Clarity Potion | 1 | 70 |
| Potion of Mana | 1 | 200 |
| Potion of Healing | 1 | 150 |
| Scroll of Town Portal | 3 | 1050 |
| Scroll of Protection | 1 | 150 |
| Boots of Speed | 1 | 250 |
| total: | 15 | 2695g |
| Wisp | 25 | 1500 | / | 0 |
| Archer | 32 | 4160 | / | 320 |
| Hippogryph | 4 | 640 | / | 80 |
| total: | 61 | 6300g | / | 400w |
| Ancient Protector | 5 | 675 | / | 400 |
| Altar of Elders | 1 | 180 | / | 50 |
| Moon Well | 7 | 1260 | / | 280 |
| Ancient of War | 2 | 300 | / | 120 |
| Hunter's Hall | 1 | 210 | / | 100 |
| Ancient of Wonders | 1 | 90 | / | 30 |
| Tree of Life | 2 | 680 | / | 370 |
| Ancient of Wind | 2 | 300 | / | 280 |
| Tree of Ages | 1 | 320 | / | 180 |
| Tree of Eternity | 1 | 330 | / | 200 |
| total: | 21 | 3695g | / | 1630w |
| 0:01 | Wisp |
| 0:02 | Wisp |
| 0:02 | Wisp |
| 0:17 | Altar of Elders |
| 0:31 | Moon Well |
| 0:32 | Wisp |
| 0:41 | Wisp |
| 0:49 | Wisp |
| 0:50 | Wisp |
| 0:50 | Wisp |
| 0:59 | Wisp |
| 1:33 | Wisp |
| 1:40 | Wisp |
| 1:51 | Ancient of War |
| 2:04 | Moon Well |
| 2:07 | Wisp |
| 2:26 | Ancient of War |
| 2:27 | Scout |
| 2:36 | Moon Well |
| 3:02 | Archer |
| 3:06 | Wisp |
| 3:37 | Archer |
| 3:54 | Hunter's Hall |
| 3:57 | Moon Well |
| 3:59 | Moon Well |
| 4:02 | Archer |
| 4:17 | Archer |
| 4:33 | Archer |
| 5:15 | Ultravision |
| 5:15 | Strength of the Moon |
| 5:25 | Moon Armor |
| 5:31 | Ancient Protector |
| 5:31 | Wisp |
| 5:32 | Wisp |
| 6:16 | Archer |
| 6:20 | Trueshot Aura |
| 6:34 | Archer |
| 7:21 | Tree of Ages |
| 7:22 | Archer |
| 7:47 | Ancient of Wonders |
| 8:18 | Archer |
| 8:47 | Trueshot Aura |
| 9:16 | Archer |
| 9:54 | Tree of Life |
| 10:18 | Improved Strength of the Moon |
| 10:19 | Improved Bows |
| 10:54 | Moonstone |
| 10:54 | Moonstone |
| 10:54 | Moonstone |
| 11:25 | Scroll of Town Portal |
| 11:37 | Nature's Blessing |
| 11:57 | Wisp |
| 11:57 | Wisp |
| 12:23 | Improved Moon Armor |
| 12:27 | Archer |
| 12:27 | Archer |
| 12:28 | Archer |
| 12:28 | Archer |
| 12:28 | Archer |
| 12:59 | Archer |
| 13:02 | Wisp |
| 13:06 | Wisp |
| 13:54 | Scout |
| 13:57 | Archer |
| 14:14 | Archer |
| 14:34 | Archer |
| 15:05 | Tree of Eternity |
| 15:22 | Archer |
| 15:50 | Archer |
| 16:05 | Wisp |
| 16:37 | Moon Well |
| 16:37 | Moon Well |
| 16:46 | Scroll of Protection |
| 16:50 | Trueshot Aura |
| 17:43 | Tree of Life |
| 18:51 | Archer |
| 19:04 | Starfall |
| 21:09 | Marksmanship |
| 21:11 | Well Spring |
| 21:27 | Scroll of Town Portal |
| 21:27 | Orb of Venom |
| 21:28 | Staff of Preservation |
| 22:33 | Ancient of Wind |
| 22:38 | Ancient of Wind |
| 22:46 | Ancient Protector |
| 22:48 | Ancient Protector |
| 22:48 | Wisp |
| 22:49 | Wisp |
| 23:43 | Scout |
| 23:56 | Wisp |
| 23:56 | Wisp |
| 24:02 | Scroll of Town Portal |
| 24:07 | Hippogryph |
| 25:02 | Archer |
| 25:05 | Advanced Strength of the Moon |
| 25:06 | Archer |
| 25:30 | Archer |
| 25:46 | Archer |
| 25:48 | Druid of the Talon Adept Training |
| 25:51 | Ancient Protector |
| 25:53 | Ancient Protector |
| 25:53 | Wisp |
| 26:16 | Staff of Preservation |
| 26:17 | Lesser Clarity Potion |
| 26:17 | Moonstone |
| 26:18 | Potion of Mana |
| 26:18 | Potion of Healing |
| 26:36 | Archer |
| 26:43 | Entangling Roots |
| 26:49 | Boots of Speed |
| 27:14 | Hippogryph |
| 27:15 | Hippogryph |
| 27:57 | Advanced Moon Armor |
| 29:20 | Hippogryph |
| 29:37 | Archer |
| 29:37 | Archer |
| 29:39 | Strength of the Wild |
| 29:39 | Reinforced Hides |
| 30:15 | Archer |
| 30:42 | Archer |
| 30:44 | Archer |
| 30:45 | Druid of the Talon Master Training |
| 30:59 | Thorns Aura |
| 32:12 | Improved Strength of the Wild |
| 32:12 | Improved Reinforced Hides |
| 32:15 | Searing Arrows |
| 32:17 | Entangling Roots |
| Right click | 1962 |
| Select group | 1455 |
| Select | 737 |
| Assign group | 659 |
| Misc. action | 317 |
| Build/train/purchase | 156 |
| Chat | 143 |
| Resource trade | 124 |
| Use ability | 15 |
| Minimap ping | 11 |
| Item give/drop | 1 |
| Esc | 1 |



x1)
| Scroll of Speed | 6 | 300 |
| Lesser Clarity Potion | 11 | 770 |
| Healing Salve | 3 | 300 |
| Tiny Great Hall | 8 | 4800 |
| Potion of Healing | 3 | 450 |
| Potion of Mana | 3 | 600 |
| Orb of Lightning | 2 | 750 |
| Scroll of Town Portal | 7 | 2450 |
| Staff of Teleportation | 1 | 150 |
| Potion of Lesser Invulnerability | 1 | 150 |
| Tome of Retraining | 1 | 300 |
| Boots of Speed | 1 | 250 |
| total: | 47 | 11270g |
| Peon | 43 | 3225 | / | 0 |
| Wind Rider | 12 | 3180 | / | 480 |
| Troll Batrider | 9 | 1440 | / | 360 |
| Kodo Beast | 1 | 255 | / | 60 |
| Troll Witch Doctor | 2 | 290 | / | 50 |
| Shaman | 1 | 130 | / | 20 |
| total: | 68 | 8520g | / | 970w |
| Watch Tower | 11 | 1210 | / | 880 |
| Altar of Storms | 2 | 360 | / | 100 |
| Orc Burrow | 5 | 800 | / | 200 |
| War Mill | 1 | 205 | / | 0 |
| Voodoo Lounge | 6 | 780 | / | 180 |
| Beastiary | 3 | 435 | / | 420 |
| Spirit Lodge | 2 | 300 | / | 300 |
| Tauren Totem | 1 | 135 | / | 155 |
| Stronghold | 2 | 630 | / | 380 |
| Fortress | 4 | 1300 | / | 760 |
| total: | 31 | 4225g | / | 2235w |
| 0:02 | Peon |
| 0:03 | Peon |
| 0:16 | Altar of Storms |
| 0:22 | Orc Burrow |
| 0:25 | Peon |
| 0:32 | Peon |
| 0:54 | War Mill |
| 0:57 | Peon |
| 1:11 | Peon |
| 1:31 | Peon |
| 1:52 | Stronghold |
| 2:12 | Voodoo Lounge |
| 2:40 | Orc Burrow |
| 3:00 | Watch Tower |
| 3:10 | Watch Tower |
| 3:26 | Scroll of Speed |
| 3:27 | Lesser Clarity Potion |
| 3:27 | Healing Salve |
| 3:40 | Steel Ranged Weapons |
| 3:48 | War Stomp |
| 4:40 | Beastiary |
| 4:42 | Beastiary |
| 4:56 | Orc Burrow |
| 5:02 | Scroll of Speed |
| 5:02 | Lesser Clarity Potion |
| 5:10 | Fortress |
| 5:10 | Fortress |
| 5:35 | Reinforced Defenses |
| 5:50 | Wind Rider |
| 5:53 | Wind Rider |
| 5:53 | Wind Rider |
| 5:54 | Wind Rider |
| 7:09 | Wind Rider |
| 7:34 | Healing Salve |
| 7:34 | Lesser Clarity Potion |
| 7:45 | Healing Wave |
| 7:45 | Healing Wave |
| 7:55 | Envenomed Spears |
| 8:49 | Tiny Great Hall |
| 8:49 | Potion of Healing |
| 8:49 | Potion of Mana |
| 8:50 | Lesser Clarity Potion |
| 8:56 | Voodoo Lounge |
| 9:04 | Orc Burrow |
| 9:22 | Wind Rider |
| 9:23 | Thorium Ranged Weapons |
| 9:31 | Voodoo Lounge |
| 9:52 | Orc Burrow |
| 10:21 | Wind Rider |
| 10:25 | Peon |
| 10:25 | Peon |
| 10:25 | Peon |
| 10:25 | Peon |
| 10:38 | Endurance Aura |
| 11:07 | Watch Tower |
| 11:09 | Tiny Great Hall |
| 11:10 | Lesser Clarity Potion |
| 11:11 | Healing Salve |
| 11:11 | Scroll of Speed |
| 11:44 | Troll Batrider |
| 11:57 | Orb of Lightning |
| 11:58 | Lesser Clarity Potion |
| 12:00 | Potion of Mana |
| 12:08 | Spirit Lodge |
| 12:21 | Troll Batrider |
| 12:33 | Peon |
| 12:33 | Peon |
| 12:53 | Scroll of Speed |
| 13:02 | Lesser Clarity Potion |
| 13:02 | Scroll of Speed |
| 13:10 | Tiny Great Hall |
| 13:10 | Tiny Great Hall |
| 13:10 | Tiny Great Hall |
| 14:02 | Troll Batrider |
| 14:02 | Troll Batrider |
| 14:14 | Hex |
| 14:17 | War Stomp |
| 14:57 | Peon |
| 14:57 | Peon |
| 14:57 | Peon |
| 14:57 | Peon |
| 14:59 | Peon |
| 15:06 | Scroll of Town Portal |
| 15:07 | Lesser Clarity Potion |
| 15:08 | Lesser Clarity Potion |
| 15:13 | Scroll of Town Portal |
| 15:16 | Tiny Great Hall |
| 15:28 | Watch Tower |
| 15:31 | Peon |
| 15:31 | Peon |
| 15:32 | Steel Armor |
| 15:50 | Healing Wave |
| 16:04 | Wind Rider |
| 16:10 | Peon |
| 16:10 | Peon |
| 16:10 | Peon |
| 16:10 | Peon |
| 16:10 | Peon |
| 16:19 | Watch Tower |
| 16:23 | Liquid Fire |
| 16:40 | Endurance Aura |
| 16:41 | Endurance Aura |
| 16:47 | Witch Doctor Adept Training |
| 16:48 | Wind Rider |
| 17:26 | Arcanite Ranged Weapons |
| 17:37 | Peon |
| 17:37 | Peon |
| 17:37 | Peon |
| 17:37 | Peon |
| 17:37 | Peon |
| 17:50 | Peon |
| 17:50 | Peon |
| 17:50 | Peon |
| 17:50 | Peon |
| 18:10 | Kodo Beast |
| 18:11 | Wind Rider |
| 18:13 | Witch Doctor Master Training |
| 18:56 | Tiny Great Hall |
| 19:05 | Lesser Clarity Potion |
| 19:07 | Scroll of Town Portal |
| 19:07 | Scroll of Town Portal |
| 19:09 | Potion of Healing |
| 19:15 | Scroll of Speed |
| 19:18 | Troll Batrider |
| 19:30 | Beastiary |
| 19:32 | Thorium Armor |
| 19:40 | Hex |
| 19:52 | Peon |
| 19:52 | Peon |
| 19:52 | Peon |
| 19:52 | Peon |
| 20:05 | Troll Batrider |
| 20:50 | Troll Batrider |
| 21:00 | Scroll of Town Portal |
| 21:10 | Scroll of Town Portal |
| 21:14 | Troll Witch Doctor |
| 21:14 | Shaman Adept Training |
| 21:17 | Steel Melee Weapons |
| 21:20 | Watch Tower |
| 21:21 | Watch Tower |
| 21:22 | Watch Tower |
| 21:34 | Troll Batrider |
| 22:06 | Acid Bomb |
| 22:18 | Arcanite Armor |
| 22:25 | Spirit Lodge |
| 22:25 | Tauren Totem |
| 23:07 | War Stomp |
| 23:15 | Wind Rider |
| 23:15 | Wind Rider |
| 23:20 | Chemical Rage |
| 24:01 | Healing Wave |
| 24:10 | Troll Witch Doctor |
| 24:11 | Shaman Master Training |
| 24:11 | Shaman |
| 24:53 | Troll Batrider |
| 25:55 | Reincarnation |
| 26:20 | Altar of Storms |
| 28:30 | Watch Tower |
| 28:43 | Peon |
| 28:43 | Peon |
| 28:44 | Peon |
| 28:44 | Peon |
| 28:44 | Peon |
| 29:30 | Lesser Clarity Potion |
| 29:32 | Orb of Lightning |
| 29:33 | Potion of Healing |
| 29:33 | Potion of Mana |
| 29:33 | Tiny Great Hall |
| 29:34 | Scroll of Town Portal |
| 30:56 | Staff of Teleportation |
| 30:58 | Potion of Lesser Invulnerability |
| 30:58 | Tome of Retraining |
| 30:58 | Retrain Hero |
| 31:00 | Boots of Speed |
| 31:17 | Shockwave |
| 31:18 | Shockwave |
| 31:19 | Reincarnation |
| 31:20 | Endurance Aura |
| 31:20 | Endurance Aura |
| 31:57 | Voodoo Lounge |
| 31:58 | Voodoo Lounge |
| 31:59 | Watch Tower |
| 32:00 | Watch Tower |
| 32:02 | Voodoo Lounge |
| 32:10 | Big Bad Voodoo |
| 32:24 | Acid Bomb |
| Select group | 1441 |
| Right click | 1400 |
| Select | 379 |
| Chat | 318 |
| Build/train/purchase | 276 |
| Use ability | 116 |
| Misc. action | 45 |
| Assign group | 41 |
| Resource trade | 17 |
| Minimap ping | 14 |
| Esc | 6 |
| Item give/drop | 2 |
274 units @ 35.1k
/ 5.4k
127 buildings @ 15k
/ 6.6k



| Scroll of Regeneration | 7 | 700 |
| Lesser Clarity Potion | 3 | 210 |
| Staff of Sanctuary | 1 | 250 |
| Potion of Healing | 1 | 150 |
| Scroll of Town Portal | 8 | 2800 |
| Scroll of Healing | 1 | 250 |
| Scroll of Protection | 1 | 150 |
| total: | 22 | 4510g |
| Peasant | 29 | 2175 | / | 0 |
| Rifleman | 9 | 1845 | / | 270 |
| Sorceress | 2 | 310 | / | 40 |
| Spell Breaker | 3 | 645 | / | 90 |
| Siege Engine | 1 | 195 | / | 60 |
| Knight | 4 | 980 | / | 240 |
| Mortar Team | 4 | 720 | / | 280 |
| Flying Machine | 3 | 300 | / | 90 |
| total: | 55 | 7170g | / | 1070w |
| Scout Tower | 23 | 690 | / | 460 |
| Arcane Tower | 2 | 140 | / | 100 |
| Guard Tower | 5 | 350 | / | 250 |
| Altar of Kings | 1 | 180 | / | 50 |
| Farm | 12 | 960 | / | 240 |
| Barracks | 1 | 160 | / | 60 |
| Blacksmith | 1 | 140 | / | 60 |
| Arcane Vault | 1 | 130 | / | 30 |
| Town Hall | 2 | 770 | / | 410 |
| Lumber Mill | 1 | 120 | / | 0 |
| Arcane Sanctum | 1 | 150 | / | 140 |
| Workshop | 1 | 140 | / | 140 |
| Keep | 1 | 320 | / | 210 |
| Castle | 1 | 360 | / | 210 |
| total: | 44 | 3440g | / | 1590w |
| 0:02 | Peasant |
| 0:03 | Peasant |
| 0:03 | Peasant |
| 0:03 | Peasant |
| 0:19 | Peasant |
| 0:19 | Peasant |
| 0:35 | Altar of Kings |
| 0:36 | Peasant |
| 0:37 | Peasant |
| 0:49 | Farm |
| 1:07 | Scout Tower |
| 1:07 | Peasant |
| 1:07 | Peasant |
| 1:08 | Peasant |
| 1:19 | Peasant |
| 1:31 | Peasant |
| 1:36 | Farm |
| 1:42 | Arcane Tower |
| 2:04 | Barracks |
| 2:09 | Blacksmith |
| 2:13 | Peasant |
| 2:32 | Peasant |
| 2:36 | Summon Water Elemental |
| 2:41 | Peasant |
| 2:41 | Peasant |
| 3:25 | Farm |
| 3:33 | Keep |
| 3:53 | Rifleman |
| 4:06 | Rifleman |
| 4:19 | Rifleman |
| 4:37 | Arcane Vault |
| 4:38 | Farm |
| 5:15 | Rifleman |
| 5:22 | Farm |
| 5:23 | Rifleman |
| 6:07 | Scroll of Regeneration |
| 6:07 | Lesser Clarity Potion |
| 6:16 | Long Rifles |
| 6:17 | Farm |
| 6:58 | Town Hall |
| 6:59 | Scout Tower |
| 7:00 | Scout Tower |
| 7:01 | Scout Tower |
| 7:03 | Lumber Mill |
| 7:18 | Brilliance Aura |
| 7:32 | Arcane Tower |
| 8:00 | Guard Tower |
| 8:01 | Scout Tower |
| 8:05 | Scout Tower |
| 8:06 | Scout Tower |
| 8:06 | Scout Tower |
| 8:42 | Guard Tower |
| 8:55 | Scroll of Town Portal |
| 9:09 | Guard Tower |
| 9:21 | Arcane Sanctum |
| 9:24 | Peasant |
| 9:24 | Peasant |
| 9:25 | Peasant |
| 10:09 | Storm Bolt |
| 10:46 | Sorceress |
| 10:47 | Castle |
| 10:49 | Rifleman |
| 10:52 | Guard Tower |
| 10:55 | Peasant |
| 10:55 | Peasant |
| 10:55 | Peasant |
| 10:55 | Peasant |
| 10:56 | Peasant |
| 11:19 | Scroll of Town Portal |
| 11:20 | Scroll of Regeneration |
| 11:21 | Black Gunpowder |
| 11:29 | Summon Water Elemental |
| 11:38 | Rifleman |
| 11:49 | Guard Tower |
| 12:14 | Spell Breaker |
| 12:18 | Workshop |
| 12:22 | Iron Plating |
| 12:23 | Refined Gunpowder |
| 12:41 | Scroll of Town Portal |
| 12:58 | Farm |
| 12:59 | Farm |
| 13:01 | Farm |
| 13:08 | Town Hall |
| 13:51 | Scroll of Town Portal |
| 14:04 | Siege Engine |
| 14:06 | Knight |
| 14:07 | Farm |
| 14:07 | Farm |
| 14:45 | Knight |
| 14:48 | Spell Breaker |
| 14:51 | Scroll of Town Portal |
| 14:51 | Staff of Sanctuary |
| 14:53 | Scroll of Regeneration |
| 15:33 | Knight |
| 15:35 | Scroll of Regeneration |
| 15:35 | Potion of Healing |
| 16:07 | Spell Breaker |
| 16:08 | Mortar Team |
| 16:11 | Fragmentation Shards |
| 16:52 | Brilliance Aura |
| 17:25 | Knight |
| 17:26 | Mortar Team |
| 17:31 | Peasant |
| 17:32 | Peasant |
| 17:32 | Peasant |
| 17:32 | Peasant |
| 17:36 | Scroll of Town Portal |
| 17:36 | Scroll of Regeneration |
| 17:36 | Lesser Clarity Potion |
| 18:26 | Farm |
| 19:08 | Holy Light |
| 19:29 | Rifleman |
| 19:30 | Mortar Team |
| 19:31 | Sorceress |
| 20:01 | Rifleman |
| 20:05 | Mortar Team |
| 21:03 | Scroll of Town Portal |
| 21:03 | Scroll of Regeneration |
| 21:39 | Scroll of Regeneration |
| 21:39 | Lesser Clarity Potion |
| 22:24 | Scroll of Protection |
| 22:24 | Scroll of Healing |
| 23:57 | Scroll of Town Portal |
| 24:48 | Devotion Aura |
| 25:20 | Flying Machine |
| 25:21 | Flying Machine |
| 25:21 | Flying Machine |
| 26:31 | Bash |
| 31:47 | Scout Tower |
| 31:52 | Scout Tower |
| 31:54 | Scout Tower |
| 32:04 | Scout Tower |
| 32:05 | Scout Tower |
| 32:07 | Scout Tower |
| 32:08 | Scout Tower |
| 32:10 | Scout Tower |
| 32:11 | Scout Tower |
| 32:17 | Scout Tower |
| 32:20 | Scout Tower |
| 32:22 | Scout Tower |
| 32:24 | Scout Tower |
| 32:28 | Scout Tower |
| 32:30 | Scout Tower |
| Right click | 1659 |
| Select group | 587 |
| Select | 513 |
| Chat | 271 |
| Build/train/purchase | 148 |
| Assign group | 89 |
| Use ability | 51 |
| Resource trade | 10 |
| Misc. action | 6 |
| Remove unit | 4 |
| Minimap ping | 3 |



| Ritual Dagger | 1 | 125 |
| Orb of Corruption | 1 | 375 |
| Scroll of Town Portal | 5 | 1750 |
| total: | 7 | 2250g |
| Acolyte | 10 | 750 | / | 0 |
| Ghoul | 4 | 480 | / | 0 |
| Crypt Fiend | 12 | 2580 | / | 480 |
| Obsidian Statue | 7 | 1400 | / | 245 |
| Frost Wyrm | 9 | 3465 | / | 1080 |
| Meat Wagon | 3 | 690 | / | 150 |
| total: | 45 | 9365g | / | 1955w |
| Nerubian Tower | 2 | 200 | / | 40 |
| Spirit Tower | 1 | 145 | / | 40 |
| Crypt | 2 | 400 | / | 100 |
| Graveyard | 2 | 430 | / | 0 |
| Altar of Darkness | 1 | 180 | / | 50 |
| Ziggurat | 7 | 1050 | / | 350 |
| Tomb of Relics | 1 | 130 | / | 30 |
| Necropolis | 1 | 225 | / | 0 |
| Slaughterhouse | 1 | 140 | / | 135 |
| Boneyard | 1 | 175 | / | 200 |
| Halls of the Dead | 1 | 320 | / | 210 |
| Black Citadel | 4 | 1300 | / | 920 |
| total: | 16 | 2730g | / | 865w |
| 0:09 | Acolyte |
| 0:12 | Crypt |
| 0:14 | Graveyard |
| 0:15 | Crypt |
| 0:20 | Graveyard |
| 0:24 | Acolyte |
| 0:24 | Acolyte |
| 0:24 | Acolyte |
| 0:24 | Acolyte |
| 0:46 | Altar of Darkness |
| 1:04 | Ziggurat |
| 1:19 | Ghoul |
| 1:26 | Tomb of Relics |
| 1:51 | Ziggurat |
| 1:55 | Crypt Fiend |
| 2:19 | Crypt Fiend |
| 2:32 | Nerubian Tower |
| 2:43 | Black Arrow |
| 2:52 | Crypt Fiend |
| 3:14 | Crypt Fiend |
| 4:03 | Silence |
| 4:06 | Halls of the Dead |
| 4:07 | Ghoul |
| 4:07 | Ghoul |
| 5:01 | Necropolis |
| 5:22 | Ziggurat |
| 5:34 | Black Arrow |
| 6:26 | Black Citadel |
| 6:58 | Web |
| 7:02 | Silence |
| 7:12 | Acolyte |
| 7:12 | Acolyte |
| 7:12 | Acolyte |
| 7:12 | Acolyte |
| 7:12 | Acolyte |
| 7:13 | Ghoul |
| 7:21 | Ritual Dagger |
| 7:34 | Unholy Aura |
| 7:37 | Ziggurat |
| 8:08 | Slaughterhouse |
| 8:54 | Boneyard |
| 9:35 | Obsidian Statue |
| 9:35 | Obsidian Statue |
| 9:40 | Obsidian Statue |
| 9:45 | Ziggurat |
| 9:46 | Creature Attack |
| 9:54 | Orb of Corruption |
| 10:27 | Frost Nova |
| 10:47 | Frost Wyrm |
| 10:47 | Frost Wyrm |
| 10:47 | Crypt Fiend |
| 10:57 | Scroll of Town Portal |
| 11:04 | Disease Cloud |
| 11:44 | Ziggurat |
| 11:56 | Improved Creature Attack |
| 12:55 | Scroll of Town Portal |
| 13:00 | Meat Wagon |
| 13:03 | Ziggurat |
| 13:45 | Death Coil |
| 13:58 | Frost Wyrm |
| 13:59 | Meat Wagon |
| 14:10 | Burrow |
| 14:12 | Advanced Creature Attack |
| 14:38 | Crypt Fiend |
| 14:44 | Obsidian Statue |
| 14:45 | Frost Wyrm |
| 15:15 | Crypt Fiend |
| 15:16 | Creature Carapace |
| 15:55 | Frost Wyrm |
| 16:06 | Black Arrow |
| 17:06 | Frost Wyrm |
| 17:30 | Meat Wagon |
| 17:33 | Crypt Fiend |
| 17:34 | Frost Wyrm |
| 17:37 | Scroll of Town Portal |
| 17:40 | Frost Armor |
| 18:11 | Death Coil |
| 19:38 | Obsidian Statue |
| 19:38 | Obsidian Statue |
| 19:55 | Scroll of Town Portal |
| 20:05 | Frost Nova |
| 21:20 | Crypt Fiend |
| 21:34 | Charm |
| 21:45 | Unholy Aura |
| 22:21 | Frost Armor |
| 22:23 | Frost Wyrm |
| 23:31 | Frost Wyrm |
| 23:32 | Crypt Fiend |
| 23:46 | Improved Creature Carapace |
| 24:00 | Destroyer Form |
| 25:05 | Crypt Fiend |
| 25:06 | Obsidian Statue |
| 25:33 | Scroll of Town Portal |
| 26:43 | Frost Nova |
| 26:45 | Crypt Fiend |
| 26:47 | Nerubian Tower |
| 26:57 | Spirit Tower |
| Select group | 1638 |
| Right click | 1209 |
| Select | 863 |
| Misc. action | 434 |
| Build/train/purchase | 115 |
| Use ability | 69 |
| Assign group | 68 |
| Minimap ping | 31 |
| Resource trade | 5 |
| Esc | 3 |
| Item give/drop | 1 |
⇛
Zergheld
(2)
(32:43) : 

| Orb of Venom | 1 | 325 |
| Potion of Healing | 1 | 150 |
| Moonstone | 2 | 100 |
| Scroll of Town Portal | 8 | 2800 |
| Scroll of Regeneration | 3 | 300 |
| total: | 15 | 3675g |
| Wisp | 41 | 2460 | / | 0 |
| Archer | 29 | 3770 | / | 290 |
| Hippogryph | 10 | 1600 | / | 200 |
| Druid of the Talon | 17 | 2465 | / | 340 |
| total: | 97 | 10295g | / | 830w |
| Ancient Protector | 2 | 270 | / | 160 |
| Moon Well | 8 | 1440 | / | 320 |
| Altar of Elders | 2 | 360 | / | 100 |
| Ancient of War | 3 | 450 | / | 180 |
| Tree of Life | 5 | 1700 | / | 925 |
| Hunter's Hall | 2 | 420 | / | 200 |
| Ancient of Wonders | 1 | 90 | / | 30 |
| Ancient of Wind | 2 | 300 | / | 280 |
| Tree of Ages | 1 | 320 | / | 180 |
| Tree of Eternity | 1 | 330 | / | 200 |
| total: | 25 | 5030g | / | 2195w |
| 0:02 | Wisp |
| 0:03 | Wisp |
| 0:03 | Wisp |
| 0:17 | Moon Well |
| 0:32 | Altar of Elders |
| 0:35 | Wisp |
| 0:46 | Ancient of War |
| 0:48 | Wisp |
| 0:56 | Wisp |
| 1:13 | Wisp |
| 1:28 | Moon Well |
| 1:42 | Wisp |
| 1:48 | Archer |
| 1:52 | Moon Well |
| 1:59 | Wisp |
| 2:08 | Archer |
| 2:14 | Moon Well |
| 2:28 | Archer |
| 2:37 | Entangling Roots |
| 2:51 | Archer |
| 3:00 | Archer |
| 3:02 | Wisp |
| 3:24 | Archer |
| 3:27 | Tree of Ages |
| 3:46 | Archer |
| 4:11 | Tree of Life |
| 4:17 | Thorns Aura |
| 4:23 | Archer |
| 4:51 | Hunter's Hall |
| 5:18 | Tree of Life |
| 5:48 | Hunter's Hall |
| 5:51 | Ancient of Wind |
| 5:55 | Wisp |
| 6:03 | Wisp |
| 6:20 | Improved Bows |
| 6:25 | Wisp |
| 6:29 | Entangling Roots |
| 6:48 | Wisp |
| 6:49 | Wisp |
| 6:49 | Wisp |
| 6:57 | Wisp |
| 6:57 | Wisp |
| 6:57 | Wisp |
| 6:57 | Wisp |
| 6:58 | Wisp |
| 7:35 | Archer |
| 7:54 | Archer |
| 8:02 | Scroll of Town Portal |
| 8:10 | Hippogryph |
| 8:10 | Hippogryph |
| 8:14 | Strength of the Wild |
| 8:25 | Hippogryph |
| 8:38 | Wisp |
| 8:38 | Wisp |
| 8:39 | Wisp |
| 8:40 | Wisp |
| 8:40 | Wisp |
| 8:55 | Tree of Life |
| 9:00 | Druid of the Talon |
| 9:18 | Wisp |
| 9:26 | Ancient of Wonders |
| 9:28 | Strength of the Moon |
| 9:28 | Improved Strength of the Wild |
| 9:46 | Druid of the Talon |
| 9:46 | Druid of the Talon Adept Training |
| 9:49 | Thorns Aura |
| 9:54 | Ancient Protector |
| 10:05 | Archer |
| 10:05 | Archer |
| 10:09 | Tree of Eternity |
| 10:59 | Trueshot Aura |
| 11:01 | Scroll of Regeneration |
| 11:03 | Scroll of Regeneration |
| 11:04 | Improved Strength of the Moon |
| 11:07 | Ultravision |
| 11:07 | Moon Armor |
| 11:23 | Archer |
| 11:24 | Druid of the Talon |
| 11:25 | Hippogryph |
| 11:48 | Reinforced Hides |
| 11:52 | Hippogryph |
| 11:53 | Archer |
| 12:08 | Hippogryph |
| 12:17 | Ancient of Wind |
| 12:19 | Ancient of War |
| 12:54 | Scroll of Town Portal |
| 12:57 | Orb of Venom |
| 12:58 | Well Spring |
| 13:02 | Ancient of War |
| 13:07 | Wisp |
| 13:07 | Wisp |
| 13:07 | Wisp |
| 13:07 | Wisp |
| 13:08 | Wisp |
| 13:31 | Druid of the Talon Master Training |
| 13:31 | Druid of the Talon |
| 13:33 | Marksmanship |
| 14:15 | Searing Arrows |
| 14:18 | Hippogryph |
| 14:18 | Hippogryph |
| 14:24 | Potion of Healing |
| 14:26 | Scroll of Town Portal |
| 14:29 | Archer |
| 14:30 | Hippogryph |
| 14:30 | Druid of the Talon |
| 14:39 | Wisp |
| 14:39 | Wisp |
| 14:39 | Wisp |
| 16:43 | Advanced Strength of the Wild |
| 16:43 | Advanced Strength of the Moon |
| 16:44 | Mark of the Talon |
| 16:44 | Druid of the Talon |
| 16:52 | Improved Moon Armor |
| 16:53 | Archer |
| 16:53 | Archer |
| 16:53 | Archer |
| 16:55 | Archer |
| 16:55 | Archer |
| 17:09 | Moon Well |
| 17:10 | Moon Well |
| 17:11 | Moon Well |
| 17:11 | Moon Well |
| 17:29 | Wisp |
| 17:30 | Wisp |
| 18:25 | Archer |
| 18:25 | Archer |
| 18:25 | Hippogryph |
| 18:26 | Druid of the Talon |
| 19:30 | Archer |
| 19:30 | Archer |
| 19:43 | Advanced Moon Armor |
| 19:58 | Scroll of Town Portal |
| 19:58 | Scroll of Town Portal |
| 20:03 | Druid of the Talon |
| 20:03 | Druid of the Talon |
| 20:41 | Trueshot Aura |
| 20:47 | Searing Arrows |
| 20:56 | Altar of Elders |
| 20:59 | Ancient Protector |
| 22:13 | Trueshot Aura |
| 22:15 | Druid of the Talon |
| 22:15 | Druid of the Talon |
| 22:17 | Archer |
| 22:17 | Archer |
| 22:18 | Improved Reinforced Hides |
| 22:34 | Tree of Life |
| 22:46 | Archer |
| 23:28 | Druid of the Talon |
| 23:28 | Druid of the Talon |
| 24:16 | Druid of the Talon |
| 24:16 | Druid of the Talon |
| 24:19 | Wisp |
| 24:42 | Druid of the Talon |
| 24:42 | Druid of the Talon |
| 25:02 | Moonstone |
| 25:17 | Advanced Reinforced Hides |
| 25:23 | Archer |
| 25:55 | Scroll of Town Portal |
| 26:16 | Tree of Life |
| 27:05 | Moonstone |
| 27:15 | Scroll of Town Portal |
| 27:49 | Archer |
| 27:54 | Entangling Roots |
| 28:31 | Scroll of Town Portal |
| 30:12 | Wisp |
| 30:12 | Wisp |
| 30:12 | Wisp |
| 31:06 | Scroll of Regeneration |
| 32:22 | Starfall |
| Right click | 1422 |
| Select group | 818 |
| Select | 499 |
| Build/train/purchase | 255 |
| Use ability | 67 |
| Chat | 62 |
| Assign group | 49 |
| Misc. action | 33 |
| Resource trade | 12 |
| Minimap ping | 4 |
| Remove unit | 3 |
| Item give/drop | 1 |
| Esc | 1 |


| Lesser Clarity Potion | 5 | 350 |
| Scroll of Regeneration | 4 | 400 |
| Potion of Healing | 1 | 150 |
| Scroll of Town Portal | 3 | 1050 |
| total: | 13 | 1950g |
| Peasant | 42 | 3150 | / | 0 |
| Rifleman | 6 | 1230 | / | 180 |
| Mortar Team | 12 | 2160 | / | 840 |
| Flying Machine | 17 | 1700 | / | 510 |
| total: | 77 | 8240g | / | 1530w |
| Scout Tower | 21 | 630 | / | 420 |
| Guard Tower | 22 | 1540 | / | 1100 |
| Altar of Kings | 1 | 180 | / | 50 |
| Farm | 8 | 640 | / | 160 |
| Blacksmith | 1 | 140 | / | 60 |
| Lumber Mill | 1 | 120 | / | 0 |
| Barracks | 1 | 160 | / | 60 |
| Arcane Vault | 2 | 260 | / | 60 |
| Town Hall | 3 | 1155 | / | 615 |
| Workshop | 4 | 560 | / | 560 |
| Keep | 1 | 320 | / | 210 |
| total: | 42 | 3845g | / | 1985w |
| 0:07 | Peasant |
| 0:07 | Peasant |
| 0:12 | Altar of Kings |
| 0:24 | Farm |
| 0:26 | Peasant |
| 0:47 | Peasant |
| 1:04 | Blacksmith |
| 1:07 | Peasant |
| 1:31 | Peasant |
| 1:31 | Peasant |
| 1:36 | Lumber Mill |
| 1:40 | Farm |
| 1:41 | Farm |
| 1:54 | Barracks |
| 2:02 | Arcane Vault |
| 2:05 | Peasant |
| 2:05 | Peasant |
| 2:12 | Flame Strike |
| 2:22 | Scout Tower |
| 3:08 | Guard Tower |
| 3:15 | Scout Tower |
| 3:25 | Peasant |
| 3:25 | Peasant |
| 3:25 | Peasant |
| 3:27 | Lesser Clarity Potion |
| 3:28 | Scroll of Regeneration |
| 3:31 | Lesser Clarity Potion |
| 3:58 | Guard Tower |
| 4:41 | Scroll of Regeneration |
| 4:44 | Scout Tower |
| 4:46 | Scout Tower |
| 4:47 | Rifleman |
| 4:59 | Scout Tower |
| 5:04 | Guard Tower |
| 5:17 | Keep |
| 5:19 | Guard Tower |
| 5:20 | Farm |
| 5:48 | Scout Tower |
| 5:57 | Rifleman |
| 6:00 | Improved Masonry |
| 6:05 | Black Gunpowder |
| 6:19 | Guard Tower |
| 7:09 | Scout Tower |
| 7:30 | Scout Tower |
| 7:31 | Guard Tower |
| 7:32 | Scout Tower |
| 7:39 | Siphon Mana |
| 7:47 | Scroll of Regeneration |
| 7:49 | Guard Tower |
| 7:55 | Workshop |
| 7:56 | Workshop |
| 8:06 | Guard Tower |
| 8:23 | Scout Tower |
| 8:24 | Scout Tower |
| 8:28 | Lesser Clarity Potion |
| 8:29 | Scroll of Regeneration |
| 8:39 | Peasant |
| 8:39 | Peasant |
| 8:39 | Peasant |
| 8:41 | Workshop |
| 8:43 | Improved Lumber Harvesting |
| 9:27 | Mortar Team |
| 9:28 | Guard Tower |
| 9:33 | Peasant |
| 9:33 | Peasant |
| 9:42 | Farm |
| 9:43 | Guard Tower |
| 9:49 | Mortar Team |
| 9:54 | Scout Tower |
| 9:56 | Advanced Masonry |
| 10:03 | Flare |
| 10:38 | Peasant |
| 10:38 | Peasant |
| 10:38 | Peasant |
| 10:38 | Peasant |
| 11:04 | Scout Tower |
| 11:07 | Scout Tower |
| 11:20 | Guard Tower |
| 11:31 | Guard Tower |
| 11:32 | Guard Tower |
| 11:36 | Scout Tower |
| 11:45 | Mortar Team |
| 11:51 | Rifleman |
| 11:59 | Peasant |
| 12:03 | Guard Tower |
| 12:07 | Farm |
| 12:12 | Lesser Clarity Potion |
| 12:24 | Mortar Team |
| 13:04 | Town Hall |
| 13:30 | Peasant |
| 13:30 | Peasant |
| 13:49 | Peasant |
| 14:02 | Scroll of Town Portal |
| 14:07 | Scout Tower |
| 14:09 | Scout Tower |
| 14:43 | Guard Tower |
| 15:12 | Mortar Team |
| 15:30 | Peasant |
| 16:11 | Peasant |
| 16:12 | Peasant |
| 16:44 | Scout Tower |
| 16:47 | Peasant |
| 16:59 | Rifleman |
| 17:11 | Guard Tower |
| 17:24 | Mortar Team |
| 18:26 | Flame Strike |
| 18:29 | Peasant |
| 18:35 | Arcane Vault |
| 18:47 | Peasant |
| 18:47 | Peasant |
| 18:47 | Peasant |
| 18:48 | Peasant |
| 18:48 | Peasant |
| 18:54 | Peasant |
| 18:54 | Peasant |
| 18:58 | Farm |
| 19:00 | Scout Tower |
| 19:01 | Rifleman |
| 19:17 | Mortar Team |
| 19:21 | Long Rifles |
| 19:54 | Scout Tower |
| 19:55 | Scout Tower |
| 20:29 | Guard Tower |
| 20:31 | Mortar Team |
| 20:35 | Lesser Clarity Potion |
| 20:36 | Scroll of Town Portal |
| 20:45 | Mortar Team |
| 21:00 | Guard Tower |
| 21:54 | Guard Tower |
| 22:45 | Town Hall |
| 23:42 | Town Hall |
| 26:32 | Flying Machine |
| 26:33 | Flak Cannons |
| 26:55 | Mortar Team |
| 27:09 | Flying Machine |
| 27:11 | Farm |
| 27:12 | Workshop |
| 27:34 | Peasant |
| 27:34 | Peasant |
| 27:35 | Peasant |
| 27:37 | Flying Machine |
| 28:01 | Scroll of Town Portal |
| 28:01 | Potion of Healing |
| 28:19 | Flying Machine |
| 28:20 | Flying Machine |
| 28:35 | Flying Machine |
| 28:56 | Mortar Team |
| 28:56 | Mortar Team |
| 28:57 | Flying Machine |
| 28:57 | Flying Machine |
| 28:58 | Flying Machine |
| 29:23 | Flying Machine |
| 29:55 | Flying Machine |
| 29:56 | Flying Machine |
| 30:10 | Flying Machine |
| 30:10 | Flying Machine |
| 30:20 | Rifleman |
| 30:22 | Peasant |
| 30:22 | Peasant |
| 30:59 | Flying Machine |
| 30:59 | Flying Machine |
| 31:23 | Flying Machine |
| 31:50 | Storm Bolt |
| 32:29 | Siphon Mana |
| Right click | 1410 |
| Select | 621 |
| Select group | 521 |
| Build/train/purchase | 209 |
| Misc. action | 69 |
| Assign group | 57 |
| Use ability | 53 |
| Minimap ping | 24 |
| Chat | 24 |
| Esc | 11 |
| Resource trade | 9 |
| Item give/drop | 1 |